[Event "Croatian Team Cup Final 2022"]
[Site "Vodice"]
[Date "2022.05.20"]
[Round "4.10"]
[White "Stevic, Hrvoje"]
[Black "Plenca, Julijan"]
[Result "1-0"]
[ECO "C47"]
[WhiteElo "2558"]
[BlackElo "2443"]
[Annotator "TA"]
[PlyCount "93"]
[EventDate "2022.05.18"]
[EventType "team-tourn"]
[EventCountry "CRO"]
[SourceTitle "playchess.com"]
[Source "ChessBase"]
[SourceQuality "1"]
[TimeControl "40/5400+30:1800+30"]

1. e4 e5 2. Nf3 Nc6 3. Nc3 Nf6 4. d4 exd4 5. Nxd4 Bb4 6. Nxc6 bxc6 7. Bd3 d5 8. Bd2 {[%emt 0:00:24] C47: Scotch Four Knights and Four Knights with 4 g3.} Rb8 9. O-O O-O 10. Re1 {[%emt 0:00:38] The position is equal.} Ng4 {[%emt 0:00:10] Recently 10...Bg4 got a lot of attention.} 11. h3 Ne5 12. exd5 Nxd3 13. cxd3 cxd5 {[%emt 0:00:09] [#]} 14. Rc1 $146 ({Predecessor:} 14. d4 Be6 15. Rc1 Qh4 16. Be3 Bd6 17. b3 Bxh3 18. Nxd5 Bg4 19. f3 Be6 20. Nc3 {0-1 (40) Gharamian,T (2603)-Gareyev,T (2607) Nancy 2020}) 14... Be6 15. b3 Ba3 (15... Qf6 {is interesting.} 16. Na4 Bd6 17. Nc5 h6) 16. Rc2 Re8 17. Qf3 c5 18. Bf4 Rc8 (18... Rb4 $2 19. Nb1 $18) 19. Nb5 {[%emt 0:24:46] Strongly threatening Ree2.} Qa5 $1 20. Rxe6 Rxe6 ({Don't do} 20... fxe6 21. Nd6 $16) 21. Nxa3 Qxa3 22. Qxd5 Re1+ 23. Kh2 Qb4 (23... Ree8 $15) 24. Rc4 Qb6 25. b4 Rd8 (25... Qe6 $5 26. Rxc5 Rxc5 27. Qxc5 Qd7 $11) 26. Qxc5 h6 27. d4 Qg6 28. Qc7 Rd5 29. Qxa7 {[%emt 0:02:59] Black must now prevent Qa8+. The board is on fire.} Kh7 {[%emt 0:02:18] ...Qb1 is the strong threat.} 30. Qc7 (30. Qa8 $142 Qe6 31. Rc6) 30... Rh5 (30... Qb1 $5 31. Rc6 (31. Qxf7 $2 Rf5 $17) 31... Rh1+ 32. Kg3 Rf5 $11) 31. Rc1 Re2 32. Be3 {[%emt 0:02:19] Hoping for a4.} ({Don't play} 32. Rc6 Qe4 33. Be3 (33. Bg3 Rg5 $17) 33... Rxa2 $14) 32... Rxa2 33. Qb8 Rd5 34. Qb7 Qd6+ 35. Kg1 Qe6 36. Rc5 Rd7 37. Qf3 Ra1+ {[%emt 0:01:18][%mdl 1024] Black has compensation.} 38. Kh2 Qg6 39. b5 {[%emt 0:00:17][%cal Bb4b5,Bb5b6][%mdl 32] Threatens to win with Rc6.} Rd6 40. Rf5 Rd7 41. d5 Ra5 42. b6 Rb5 43. g3 f6 (43... Qd6 $14) 44. h4 ({White should try} 44. Qe4 $16) 44... Rb4 $2 {[%emt 0:03:20] [#]} ({Black should play} 44... Rd8 $14) 45. Bc5 $1 $18 Qg4 (45... Rb2 46. d6 Rd8) 46. Bxb4 Qxb4 {[%emt 0:00:03] [#]} 47. Rxf6 $1 {[%emt 0:00:07][%mdl 512] Weighted Error Value: White=0.10 (very precise) /Black=0.27 (precise)} 1-0

[Event "Croatian Team Cup Final 2022"]
[Site "Vodice"]
[Date "2022.05.20"]
[Round "4.11"]
[White "Plenca, Jadranko"]
[Black "Palac, Mladen"]
[Result "1/2-1/2"]
[ECO "B51"]
[WhiteElo "2443"]
[BlackElo "2505"]
[Annotator "TA"]
[PlyCount "81"]
[EventDate "2022.05.18"]
[EventType "team-tourn"]
[EventCountry "CRO"]
[SourceTitle "playchess.com"]
[Source "ChessBase"]
[SourceQuality "1"]
[TimeControl "40/5400+30:1800+30"]

1. e4 c5 2. Nf3 d6 3. Bb5+ Nd7 4. c3 Ngf6 5. Qe2 a6 6. Ba4 b5 7. Bc2 Bb7 {[%emt 0:00:02] B51: Sicilian: Moscow Variation (3 Bb5+) without 3...Bd7.} 8. d4 e6 9. a4 Be7 10. e5 Nd5 11. axb5 axb5 12. Rxa8 Qxa8 {[%emt 0:00:01] [#]} 13. exd6 $146 ({Predecessor:} 13. dxc5 dxc5 14. Qxb5 Nf4 15. Bxf4 Bxf3 16. gxf3 Qxf3 17. O-O Qxf4 18. Rd1 O-O 19. Qxd7 {1-0 (49) Kravtsiv,M (2631)-Kantans,T (2482) Riga 2016}) 13... Bxd6 14. Qxb5 Ba6 15. Qa4 N5b6 $36 {[%emt 0:04:49][%mdl 2048] Black is pushing.} 16. Qa1 (16. Qa3 $11) 16... O-O (16... cxd4 $142 17. cxd4 O-O) 17. Be3 cxd4 18. cxd4 (18. Bxd4 $17 {was the only chance.} Nd5 19. Nbd2) 18... Rc8 19. Nc3 Bb4 20. Bd2 Nf6 21. Qb1 $2 (21. Bd1) 21... Nc4 $19 22. Bc1 {[%emt 0:07:36] [#]} (22. Qa1 $142) 22... Nxb2 $1 23. Bxb2 Qc6 (23... Bxc3+ $2 24. Bxc3 Rxc3 25. Kd2 $19) 24. Qa1 Nd5 (24... Bxc3+ 25. Bxc3 Nd5 26. Ne5 $17) 25. Ne5 Qb6 (25... Bxc3+ 26. Bxc3 Qd6 27. Bd3 (27. Bxh7+ $2 Kxh7 28. Qd1 Nf4 $19) 27... Bxd3 28. Nxd3 $17) (25... Qb7 $19 {[%cal Rd5c3] and Black stays clearly on top.} 26. Be4 f6) 26. Bd3 $17 Rxc3 ({Don't play} 26... Qxd4 27. O-O (27. Qxa6 Qxe5+ 28. Kf1 Ne7 $17) 27... Rxc3 28. Bxc3 (28. Qxa6 Qxe5 29. Qa8+ Bf8 $18) 28... Nxc3 29. Qxa6 $18) (26... Bxd3 $17 27. Nxd3 Bxc3+ 28. Bxc3 Nxc3) 27. O-O $1 $11 {[%emt 0:00:32] The position is equal.} Rxd3 28. Nxd3 Bxd3 {[%emt 0:00:00] A strong pair of Bishops.} 29. Qa8+ Bf8 30. Ba3 Nb4 31. Rc1 {[%emt 0:00:35] Hoping for Rc8.} Qxd4 32. h3 {[%emt 0:00:38] aiming for Rc8.} Be4 33. Qb8 {[%emt 0:00:12] Threatens to win with Rc8. Really sharp!} h6 $1 {[%emt 0:01:09][%cal Og8h7] ...Kh7! is the strong threat.} 34. Bxb4 Qxb4 35. Qxb4 {[%emt 0:00:08][%mdl 64] [#] Remove Defender} Bxb4 36. Rc4 $1 Bxg2 $1 37. Kxg2 Bd6 38. Rc6 Be5 39. Rc5 Bd6 40. Rc6 Be5 41. Rc5 {[%emt 0:00:20] Black had all chances to win.  Weighted Error Value: White=0.31/Black=0.30} 1/2-1/2

[Event "Croatian Team Cup Final 2022"]
[Site "Vodice"]
[Date "2022.05.20"]
[Round "4.12"]
[White "Zelcic, Robert"]
[Black "Saric, Luka"]
[Result "1-0"]
[ECO "B41"]
[WhiteElo "2497"]
[BlackElo "2169"]
[Annotator "TA"]
[PlyCount "89"]
[EventDate "2022.05.18"]
[EventType "team-tourn"]
[EventCountry "CRO"]
[SourceTitle "playchess.com"]
[Source "ChessBase"]
[SourceQuality "1"]
[TimeControl "40/5400+30:1800+30"]

1. e4 c5 2. Nf3 e6 3. d4 cxd4 4. Nxd4 a6 5. c4 Nf6 6. Nc3 Qc7 7. Bd3 Nc6 8. Nde2 Ne5 {[%emt 0:11:02] B41: Sicilian: Kan Variation: 5 c4.} 9. Bf4 {[%emt 0:04:44] [#]} d6 $146 ({Predecessor:} 9... Bd6 10. Bg3 Nh5 11. Bxe5 Bxe5 12. g3 g5 13. Qd2 Rg8 14. O-O-O b5 15. cxb5 axb5 16. Kb1 {½-½ (81) Shanava,K (2401)-Gagunashvili,M (2469) Kocaeli 2002}) 10. Rc1 b6 {[%emt 0:04:41] White is slightly better.} 11. O-O Be7 12. h3 O-O 13. Bb1 Bb7 14. Bg3 Ned7 (14... Qxc4 15. Na4 (15. Nd5 Bxd5 16. Rxc4 Bxc4 $16) 15... Qb5 16. Rc7 $16) 15. Nd4 Rac8 16. b3 Qb8 17. Qe2 Qa8 18. Rfd1 Rfe8 19. Nf3 Nc5 20. Re1 (20. Bxd6 $14 Ncxe4 21. Nxe4 Bxe4 22. Bxe4 Qxe4 23. Qxe4 Nxe4 24. Bxe7 Rxe7 25. Rd4) 20... d5 $11 21. cxd5 (21. exd5 {keeps more tension.} exd5 22. cxd5 Nxd5 23. Ne5) 21... exd5 22. e5 Nfe4 23. Nxe4 dxe4 24. Nd4 Nd3 25. Rxc8 Rxc8 (25... Qxc8 $11 {remains equal.} 26. Bxd3 exd3 27. Qxd3 Bb4) 26. Rd1 {[%emt 0:01:20] aiming for e6.} g6 27. Nc2 (27. e6 $16 f6 28. Qe3) 27... Rc5 (27... Rd8 $11) 28. b4 ({White should play} 28. Ne3 $14) 28... Rd5 29. Ne3 Rb5 (29... Rd4 $11 {and Black is okay.}) 30. a3 Bg5 (30... Nxe5 $2 31. a4 Nf3+ 32. gxf3 Rxb4 33. fxe4) 31. h4 ({Don't do} 31. Bxd3 exd3 32. Rxd3 Qe8 $18) 31... Bxe3 32. Qxe3 {[%emt 0:00:01] [#] e6 is the strong threat.} Nxe5 33. a4 $2 (33. Rd4 $18 {and White stays clearly on top.}) 33... Nc4 (33... Rd5 $16 34. Rxd5 Nc4 35. Qxe4 Bxd5) 34. Qc3 $18 Rd5 35. Re1 b5 36. Bxe4 Rd8 {[%emt 0:00:33] [#]} (36... Rd7) 37. Bxb7 $2 (37. Bf4 $1 {[%cal Of4h6] White threatens Bh6! and mate.} Qa7 (37... Rd6 38. Bxb7) 38. Bd5 Bxd5 39. Bh6) 37... Qxb7 38. h5 gxh5 {[%emt 0:02:03][%mdl 8192] This move loses the game for Black.} (38... Qc6 $16) 39. Qf6 Rc8 (39... Qd7 $142 40. Re7 (40. Qxa6 Qd2 $18) 40... Qd1+ 41. Kh2 Qd5 42. axb5 (42. Qxa6 bxa4 43. Qxa4 Ra8 $16) 42... axb5 43. Rxf7 Qxf7 44. Qxd8+ Kg7 45. Qg5+ Kh8 46. Qxb5 h4 47. Qb8+ Kg7 48. Bxh4 Qe6 49. Qg3+ Kf7) 40. Qg5+ Kf8 41. Qxh5 Kg8 42. Qg5+ Kf8 43. Qf5 Kg8 44. Bh4 {[%emt 0:00:09] White wants to mate with Bf6.} Qc6 45. Bf6 {[%emt 0:00:55] Weighted Error Value: White=0.41/Black=0.86} 1-0

[Event "Croatian Team Cup Final 2022"]
[Site "Vodice"]
[Date "2022.05.20"]
[Round "4.13"]
[White "Fercec, Nenad"]
[Black "Skuhala, Jernej"]
[Result "1/2-1/2"]
[ECO "B53"]
[WhiteElo "2415"]
[BlackElo "2378"]
[Annotator "TA"]
[PlyCount "35"]
[EventDate "2022.05.18"]
[EventType "team-tourn"]
[EventCountry "CRO"]
[SourceTitle "playchess.com"]
[Source "ChessBase"]
[SourceQuality "1"]
[TimeControl "40/5400+30:1800+30"]

1. e4 c5 2. Nf3 d6 3. d4 cxd4 4. Qxd4 Nc6 5. Qe3 g6 6. Be2 {[%emt 0:00:08] B53: Sicilian: 2...d6: Lines with Qxd4.} Bg7 7. O-O Nf6 8. h3 O-O 9. c4 {[%emt 0:00:05] Prevents d5.} Be6 10. Nc3 Na5 11. Nd2 {[%emt 0:00:52] [#]} Rc8 $146 ({Predecessor:} 11... Qc8 12. b3 b5 13. cxb5 Nxe4 14. Ndxe4 d5 15. Nxd5 Bxd5 16. Rb1 Qc2 17. Bd3 Qxa2 {½-½ (45) Garcia Fernandez,J (2173)-Veras Sanz,M (2057) Aragon 2016}) 12. Nd5 Nd7 (12... Nc6 $5 ) 13. Rb1 ({But not} 13. Qxa7 $2 Bxd5 14. exd5 Nc5 $19) 13... Nc6 14. b3 Bd4 15. Qh6 Bg7 16. Qe3 Bd4 17. Qh6 Bg7 18. Qe3 {[%emt 0:00:05] An even fight not without its subleties.  Weighted Error Value: White=0.11 (very precise) /Black=0.09 (flawless)} 1/2-1/2

[Event "Croatian Team Cup Final 2022"]
[Site "Vodice"]
[Date "2022.05.20"]
[Round "4.14"]
[White "Segovic, Goran"]
[Black "Zufic, Miroslav"]
[Result "1/2-1/2"]
[ECO "B32"]
[WhiteElo "2291"]
[BlackElo "2384"]
[Annotator "TA"]
[PlyCount "81"]
[EventDate "2022.05.18"]
[EventType "team-tourn"]
[EventCountry "CRO"]
[SourceTitle "playchess.com"]
[Source "ChessBase"]
[SourceQuality "1"]
[TimeControl "40/5400+30:1800+30"]

1. e4 c5 2. Nf3 Nc6 3. d4 cxd4 4. Nxd4 e5 5. Nb5 d6 6. c4 Be6 $1 {[%emt 0:01:08][%mdl 4] now scores much better than the old 6...Be7.} 7. N1c3 a6 8. Na3 g6 {[%emt 0:00:26] B32: Sicilian: Löwenthal and Kalashnikov Variations.} 9. Be3 Nf6 10. f3 {[%emt 0:01:51] Inhibits Ng4.} Bg7 {[%emt 0:02:29] White is slightly better.} 11. Nc2 O-O 12. Qd2 Rc8 {[%emt 0:16:25] [#]} 13. Rc1 $146 (13. Rd1 $14) ({Predecessor:} 13. b3 Qa5 14. Be2 Nh5 15. g3 Nf4 16. Nd5 Ng2+ 17. Kf2 Nxe3 18. Qxa5 Nxc2 19. Qd2 Nxa1 20. Rxa1 {0-1 (38) Al Tarbosh,W (2221)-Fawzy,A (2476) Chess.com INT 2022}) 13... Nd4 14. b3 b5 $1 15. Nd5 (15. Nxd4 $11 exd4 16. Bxd4) 15... bxc4 $1 $15 16. bxc4 Bxd5 17. cxd5 {[%emt 0:02:41] [#]} Nxe4 $1 18. fxe4 {[%emt 0:03:11] Hoping for Bd3.} Qh4+ 19. Kd1 $1 Qg4+ 20. Ke1 Qh4+ (20... Qxe4 21. Bd3 Qxd5 22. Kf2 $14 (22. Bxa6 $2 Rxc2 23. Rxc2 Nxc2+ 24. Qxc2 Qa5+ 25. Kf2 Qxa6 $19)) 21. Kd1 Qg4+ (21... Qxe4 $15 22. Bd3 Qg4+ 23. Ke1 Nf5) 22. Ke1 $11 Qxe4 (22... Qh4+ $11 23. Kd1) 23. Bd3 $14 Qxd5 {[%emt 0:01:00] And now ...e4 would win.} 24. Bxd4 ({Not} 24. Bxa6 $2 Rxc2 25. Rxc2 Nxc2+ 26. Qxc2 Qa5+ 27. Kf2 Qxa6 $19) (24. Kf2 $16) 24... exd4 $11 25. Kf2 Qh5 {[%emt 0:06:39][%mdl 1024] Threatens to win with ...Bh6. Black has compensation.} 26. Qe2 {[%emt 0:03:42] With the idea Qxh5.} ({Don't blunder} 26. Bxa6 $2 Bh6 27. Qe2 Qf5+ 28. Qf3 Rxc2+ 29. Rxc2 Qxc2+ 30. Qe2 Qf5+ 31. Qf3 Be3+ 32. Kg3 Qg5+ 33. Kh3 Qh6+ 34. Kg3 g5 $19) 26... Qg5 (26... Qe5 $11) 27. Rhe1 ({Better is} 27. Rhf1 $16) 27... Rc3 {[%emt 0:03:34] aiming for ...Qh4+.} 28. Rcd1 a5 (28... Qh4+ $11 29. Kg1 Be5) 29. Rf1 h5 (29... Qd5 $14) 30. Kg1 $16 Qd8 31. Qf3 {[%emt 0:01:05] White is more active.} d5 32. Kh1 Qd7 33. Qf4 Qa4 34. Qd2 ({White should try} 34. Qf2 $16) 34... Rb8 $2 {[%emt 0:00:38] [#]} (34... Qxa2 $11 {and Black has nothing to worry.} 35. Rb1 Rb3) 35. Ne1 ({Much less strong is} 35. Qf4 $6 Rf8 $14) (35. Rxf7 $1 $18 Rxd3 36. Rxg7+ Kxg7 37. Qxd3) 35... Ra3 36. Bb1 Re3 37. Nf3 Rb4 38. Ng5 Rb7 39. Qf2 Qe8 40. Bd3 Qe7 41. Nf3 {[%emt 0:01:06] Weighted Error Value: White=0.23 (precise) /Black=0.28 (precise)} 1/2-1/2

[Event "Croatian Team Cup Final 2022"]
[Site "Vodice"]
[Date "2022.05.20"]
[Round "4.15"]
[White "Rubil, Marko"]
[Black "Zadravec, Matija"]
[Result "1/2-1/2"]
[ECO "D18"]
[WhiteElo "2272"]
[BlackElo "2263"]
[Annotator "TA"]
[PlyCount "32"]
[EventDate "2022.05.18"]
[EventType "team-tourn"]
[EventCountry "CRO"]
[SourceTitle "playchess.com"]
[Source "ChessBase"]
[SourceQuality "1"]
[TimeControl "40/5400+30:1800+30"]

1. d4 {Huebner,R} d5 2. c4 c6 3. Nc3 Nf6 4. Nf3 dxc4 5. a4 Bf5 6. e3 e6 7. Bxc4 Bb4 8. O-O Nbd7 9. Qe2 Bg6 $1 {The position is equal. The main line 9...Bg6 scores better than 9...0-0.} 10. Na2 {D18: Slav Defence: 5 a4 Bf5 6 e3.} Bd6 11. Nc3 O-O 12. e4 {[#] Strongly threatening e5.} e5 13. dxe5 Nxe5 14. Nxe5 Bxe5 15. f3 Qc7 16. g3 {[%emt 0:08:00] [#]} Rad8 $146 {[%emt 0:08:00] An interesting draw.  Weighted Error Value: White=0.05 (flawless) /Black=0.05 (flawless)} ({Predecessor:} 16... Kh8 17. Be3 Nd7 18. Rfd1 Rae8 19. a5 f5 20. Bxa7 fxe4 21. Nxe4 Bxe4 22. fxe4 b5 23. axb6 Nxb6 24. Kg2 Nxc4 25. Qxc4 Bxb2 26. Ra2 {½-½ (26) Nikolic,P (2641)-Van Wely,L (2629) Batumi 1999 CBM 074 [Huebner,R]}) 1/2-1/2

[Event "Croatian Team Cup Final 2022"]
[Site "Vodice"]
[Date "2022.05.20"]
[Round "4.16"]
[White "Makovec, Bruno"]
[Black "Perusko, Niko"]
[Result "1-0"]
[ECO "D38"]
[WhiteElo "2215"]
[BlackElo "1867"]
[Annotator "TA"]
[PlyCount "89"]
[EventDate "2022.05.18"]
[EventType "team-tourn"]
[EventCountry "CRO"]
[SourceTitle "playchess.com"]
[Source "ChessBase"]
[SourceQuality "1"]
[TimeControl "40/5400+30:1800+30"]

1. Nf3 Nf6 2. c4 e6 3. d4 d5 4. Nc3 Bb4 5. Qa4+ Nc6 6. cxd5 Nxd5 {[%emt 0:16:06] [#] D38: Queen's Gambit Declined: Ragozin Defence (4 Nf3 Bb4).} 7. Qb3 $146 ({Predecessor:} 7. Bd2 O-O 8. e3 Nb6 9. Qc2 Be7 10. a3 Nd5 11. Bd3 h6 12. O-O Nxc3 13. Bxc3 Bd6 14. e4 {1-0 (29) Jaracz,P (2459)-Karttunen,M (2489) Chess.com INT 2022}) 7... Nde7 (7... e5 $11 {remains equal.} 8. dxe5 (8. e4 Nxd4 9. Nxd4 exd4 $11) 8... Be6) 8. e3 O-O {[%emt 0:02:06] White is slightly better.} 9. Be2 Bd6 10. O-O e5 11. dxe5 {[%emt 0:07:15] White is more active.} Nxe5 12. Nxe5 Bxe5 13. Rd1 Qe8 14. f4 Bxc3 15. Qxc3 Qc6 16. Qxc6 Nxc6 17. Bd2 Be6 18. Bc3 Rad8 19. b3 f6 20. Kf2 Rxd1 21. Rxd1 Rd8 22. Rxd8+ Nxd8 $14 {[%emt 0:00:02][%mdl 4096] Endgame KBB-KBN} 23. e4 f5 {[%emt 0:07:31] White leaves nothing to chance now.} 24. Bd3 fxe4 25. Bxe4 Nc6 26. Kf3 g6 {[%emt 0:01:13] [#]} 27. g4 $1 {[%emt 0:01:44] Against Bf5} Kf7 (27... Bd7 $16 {was called for.} 28. f5 gxf5 29. gxf5 Kf7) 28. f5 $18 Bd7 (28... gxf5 $142 29. gxf5 Bd7) 29. fxg6+ hxg6 30. Kf4 Nd8 31. Kg5 Ne6+ 32. Kh6 Nf8 33. h3 {[%emt 0:03:52] [#] And now Bb4 would win.} ({Resist} 33. Bxb7 Bxg4 34. Bd4 a5 $18) 33... b6 $2 (33... Bc6) 34. Bg7 {[%emt 0:02:04] A strong pair of Bishops.} Ne6 35. Bxg6+ Kg8 36. Be5 c5 37. Bh7+ Kf7 38. Bf5 {[%emt 0:02:27] g5 is the strong threat.} Kg8 39. g5 {[%emt 0:00:49][%cal Bg4g5,Bg5g6][%mdl 32] White is clearly winning.} a5 40. Bh7+ Kf8 41. g6 Ke8 42. h4 a4 43. g7 Nxg7 44. Kxg7 Be6 45. Bg8 {[%emt 0:00:48] Weighted Error Value: White=0.11 (very precise) /Black=0.37} 1-0

[Event "Croatian Team Cup Final 2022"]
[Site "Vodice"]
[Date "2022.05.20"]
[Round "4.18"]
[White "Plenkovic, Zdenko"]
[Black "Ivic, Mateo"]
[Result "1/2-1/2"]
[ECO "E18"]
[WhiteElo "2375"]
[BlackElo "2187"]
[Annotator "TA"]
[PlyCount "92"]
[EventDate "2022.05.18"]
[EventType "team-tourn"]
[EventCountry "CRO"]
[SourceTitle "playchess.com"]
[Source "ChessBase"]
[SourceQuality "1"]
[TimeControl "40/5400+30:1800+30"]

1. Nf3 Nf6 2. d4 e6 3. g3 b6 4. Bg2 Bb7 5. O-O Be7 6. c4 O-O 7. Nc3 Ne4 8. Bd2 $1 {[%emt 0:04:34][%mdl 4] now scores much better than the old 8.Qc2.} Nxd2 9. Qxd2 d6 10. Qc2 {[%emt 0:04:16][%cal Of3g5] Ng5! is the strong threat. E18: Queen's Indian: Old Main Line (4 g3 Bb7 5 Bg2 Be7 6 0-0 0-0 7 Nc3).} g6 11. Rad1 Nd7 12. e4 Bf6 {[%emt 0:06:03] [#]} 13. e5 $146 ({Predecessor:} 13. Rfe1 Qe7 14. h4 Rad8 15. Nd5 exd5 16. exd5 Ne5 17. dxe5 dxe5 18. Rd2 Rfe8 19. Rde2 {1-0 (38) Renman,N (2351)-Kucuksari,K (2329) Sweden 2019}) 13... Bg7 14. Rfe1 dxe5 (14... Rc8 {seems wilder.} 15. Qa4 Bxf3 16. Bxf3 c5) 15. Nxe5 Bxg2 16. Kxg2 Nxe5 17. dxe5 Qe7 18. f4 Rfd8 19. Ne4 Rxd1 20. Rxd1 Rd8 {[%emt 0:00:26] Against Qd2} 21. Kf3 Qe8 22. Ke3 Kf8 23. Rxd8 Qxd8 $14 {[%emt 0:00:09][%mdl 4096] Endgame KQB-KQN} 24. Qa4 Kg8 25. b4 Bf8 26. a3 Be7 {[%emt 0:00:37] Inhibits Nf6+.} 27. Qxa7 Qd1 28. Qa8+ Kg7 29. h4 (29. Qe8 $11) 29... c5 (29... Qb3+ $1 $17 30. Kf2 Qxc4) 30. bxc5 $2 {[%emt 0:01:26] [#]} (30. Qb7 $11 {and White has nothing to worry.}) 30... Bxc5+ ({Not} 30... bxc5 31. Qb7 $11) (30... Qg1+ $1 $19 31. Kd3 Bxc5 32. Nxc5 Qxg3+ 33. Ke2 bxc5) 31. Nxc5 $17 {[%emt 0:00:06] [#] Really sharp!} bxc5 $11 {[%emt 0:01:17] KQ-KQ} (31... Qe1+ $1 $17 32. Kd4 Qf2+ 33. Kd3 Qxg3+ 34. Ke2 bxc5) 32. Qf3 {[%emt 0:00:35] The position is equal.} Qd4+ 33. Ke2 Qxc4+ 34. Qd3 Qa2+ 35. Kd1 $1 c4 36. Qc3 (36. Qd8 {with more complications.} Qb3+ 37. Kd2 c3+ 38. Ke3) 36... Qb1+ 37. Kd2 Qa2+ 38. Kc1 {[%emt 0:00:06] aiming for Qb2.} Qe2 39. a4 Qa2 40. a5 h5 41. Qb4 Kh7 42. Qc3 Kg7 43. Kd1 Kh7 44. Ke1 Kg7 45. Kd1 Kh7 46. Kc1 Kg7 {[%emt 0:00:12] Weighted Error Value: White=0.25 (precise) /Black=0.19 (very precise)} 1/2-1/2

[Event "Croatian Team Cup Final 2022"]
[Site "Vodice"]
[Date "2022.05.20"]
[Round "4.19"]
[White "Tomas, Ante"]
[Black "Bilobrk, Franjo"]
[Result "1/2-1/2"]
[ECO "E04"]
[WhiteElo "2117"]
[BlackElo "2347"]
[Annotator "TA"]
[PlyCount "40"]
[EventDate "2022.05.18"]
[EventType "team-tourn"]
[EventCountry "CRO"]
[SourceTitle "playchess.com"]
[Source "ChessBase"]
[SourceQuality "1"]
[TimeControl "40/5400+30:1800+30"]

1. d4 Nf6 2. c4 e6 3. g3 d5 4. Nf3 dxc4 5. Bg2 Bb4+ 6. Bd2 a5 7. Qc2 {[%emt 0:01:53] E04: Open Catalan: 5 Nf3.} b5 8. a4 $1 c6 9. axb5 {[%emt 0:00:20] [#] aiming for Bxb4. White is better.} Bxd2+ (9... Nd5 $142) 10. Nfxd2 $16 Nd5 11. Qxc4 O-O 12. O-O cxb5 13. Qxb5 Ba6 14. Qxa5 Qxa5 15. Rxa5 Nc6 16. Bxd5 exd5 17. Rxd5 {[%emt 0:01:40] [#] Nc3 is the strong threat.} Bxe2 18. Re1 {[%emt 0:02:54] [#]} Bg4 $146 ({Predecessor:} 18... Nb4 19. Rd6 Bg4 20. Nc3 Rab8 21. b3 Rfc8 22. Nd5 Nxd5 23. Rxd5 Be6 24. Rde5 Rd8 {1-0 (63) Bacrot,E (2705)-Gharamian,T (2661) Bastia 2012}) 19. f3 (19. Rd6 $16 Nb4 20. f3) 19... Be6 $14 20. Rd6 Ne7 $1 {[%emt 0:02:31] Weighted Error Value: White=0.06 (flawless) /Black=0.10 (very precise)} 1/2-1/2

[Event "Croatian Team Cup Final 2022"]
[Site "Vodice"]
[Date "2022.05.20"]
[Round "4.20"]
[White "Sinanovic, Muhamed"]
[Black "Sekelja, Marko"]
[Result "1/2-1/2"]
[ECO "A07"]
[WhiteElo "2300"]
[BlackElo "2102"]
[Annotator "TA"]
[PlyCount "72"]
[EventDate "2022.05.18"]
[EventType "team-tourn"]
[EventCountry "CRO"]
[SourceTitle "playchess.com"]
[Source "ChessBase"]
[SourceQuality "1"]
[TimeControl "40/5400+30:1800+30"]

1. g3 d5 2. Bg2 c6 3. Nf3 Nf6 4. O-O Bg4 5. d3 Nbd7 6. Nbd2 e6 7. b3 (7. e4 {looks sharper.} Be7 8. h3 Bh5 9. b3) 7... Be7 {[%emt 0:01:12] was the old line (7...Bd6). A07: Réti Opening: New York and Capablanca Systems.} 8. Bb2 Bxf3 9. Nxf3 O-O {[%emt 0:00:09] White is slightly better.} 10. Re1 {[%emt 0:04:08] [#]} Qc7 $146 ({Predecessor:} 10... Qa5 11. c4 Ba3 12. Qc2 Bxb2 13. Qxb2 Rad8 14. b4 Qc7 15. e4 dxe4 16. dxe4 Nb6 {½-½ (66) Moeller,P-Jacobs,H Mecklenburg VP 1996}) 11. e4 dxe4 12. dxe4 e5 13. Qc1 h6 14. Nh4 Rfe8 15. Nf5 Bf8 16. Bc3 Rad8 17. a4 a5 18. Bd2 Nc5 19. f3 Ne6 20. Bf1 Nd4 21. Nxd4 {[%emt 0:00:13] [#] aiming for Nf5.} Rxd4 22. Be3 Rdd8 23. Bh3 Nd7 24. Bxd7 Rxd7 25. Rd1 Red8 26. Rxd7 Rxd7 27. Qf1 Qd8 28. Qc4 Bb4 29. Kg2 Bd2 30. Bf2 {[%emt 0:00:36] The position is equal.} Bg5 31. h4 Be7 32. Be3 {[%emt 0:02:38] Inhibits Rd2+.} Bb4 33. Rf1 Qe8 34. Qe2 Qd8 35. Qc4 Qe8 36. Qe2 Qd8 {[%emt 0:00:13] Weighted Error Value: White=0.07 (flawless) /Black=0.07 (flawless)} 1/2-1/2